 Dungeon Crawl Stone Soup version 0.27-a0-1123-g2f9bb313c0 (webtiles) character file.

Game seed: 6684343814065720915

66 Azzok the Chopper (level 3, -1/29 HPs)
             Began as a Demonspawn Berserker on May 3, 2021.
             Was a Follower of Trog.
             Succumbed to an orc's poison
             ... on level 2 of the Dungeon.
             The game lasted 00:01:37 (1910 turns).

Azzok the Chopper (Demonspawn Berserker)            Turns: 1910, Time: 00:01:38

Health: -1/29      AC: 10    Str: 18    XL:     3   Next: 96%
Magic:  3/3        EV:  7    Int:  8    God:    Trog [*.....]
Gold:   112        SH:  0    Dex: 12    Spells: 2/2 levels left

rFire    . . .     SeeInvis .   a - +0 hand axe
rCold    . . .     Faith    .   (no shield)
rNeg     . . .     Spirit   .   c - +0 chain mail
rPois    .         Reflect  .   (no helmet)
rElec    .         Harm     .   (no cloak)
rCorr    .         Rampage  .   (no gloves)
Will     .....                  (no boots)
Stlth    ..........             (no amulet)
HPRegen  0.09/turn              (no ring)
MPRegen  0.08/turn              (no ring)

@: lethally poisoned (-1 -> -9), on berserk cooldown, slowed, very slow
A: slimy green scales 1
a: Renounce Religion, Berserk


You were on level 2 of the Dungeon.
You worshipped Trog.
Trog was aware of your devotion.
You visited 1 branch of the dungeon, and saw 3 of its levels.

You collected 112 gold pieces.

Inventory:

Hand Weapons
 a - a +0 hand axe (weapon)
Armour
 c - a +0 chain mail (worn)
 k - a +2 kite shield
Jewellery
 f - a ring of fire
Scrolls
 b - a scroll of immolation {unknown}
 d - 2 scrolls of teleportation {unknown}
 e - 2 scrolls of magic mapping {unknown}
 g - a scroll of vulnerability {unknown}
 h - 4 scrolls of noise {unknown}
 i - a scroll of enchant armour {unknown}
 j - 3 scrolls of identify {unknown}


   Skills:
 - Level 3.0 Fighting
 + Level 4.4 Axes
 - Level 1.7 Armour
 - Level 1.7 Dodging


You had 2 spell levels left.
You didn't know any spells.
Your spell library was empty.

Dungeon Overview and Level Annotations

Branches:
Dungeon (3/15)

Altars:

Shops:
D:2 (


Innate Abilities, Weirdness & Mutations

You are partially covered in slimy green scales. (AC +2)


Message History

A red film seems to cover your vision as you go berserk!
You feel yourself moving faster!
You feel mighty!
You feel sick. The orc hits you but does no damage.
You are more poisoned.
You hit the orc.
The orc is moderately wounded.
You feel sick.
The orc hits you with a +1 short sword of venom.
* * * LOW HITPOINT WARNING * * *
You are lethally poisoned!
You slash the orc!
You kill the orc!
Trog accepts your kill.
* * * LOW HITPOINT WARNING * * *
You feel very sick.
* * * LOW HITPOINT WARNING * * *
You feel sick.
Items here: )) [ †.
There is a lethal amount of poison in your body!
You are too berserk!
There is a lethal amount of poison in your body!
There is a lethal amount of poison in your body!
You feel a strong urge to attack something.
* * * LOW HITPOINT WARNING * * *
You feel sick.
* * * LOW HITPOINT WARNING * * *
You feel sick.
You feel your anger nearly subside.
* * * LOW HITPOINT WARNING * * *
You feel sick.
You are no longer berserk.
You are exhausted.
You feel yourself slow down.
* * * LOW HITPOINT WARNING * * *
You feel sick.
You aren't carrying any potions.
There is a lethal amount of poison in your body!
There is a lethal amount of poison in your body!
There is a lethal amount of poison in your body!
You die...

▒▒▒▒ ···▒▒▒▒▒▒▒▒▒
···········▒ ··)········▒
···········▒ ···········▒
▒▒▒▒▒▒▒▒▒▒ ········▒▒▒▒
▒········▒
··········▒▒▒▒▒········▒
··········'···))@······▒
··········▒▒▒▒▒········▒▒
▒▒▒▒▒▒····▒ ▒▒········▒ ▒
▒····▒▒▒▒ ▒········▒ ▒
▒▒╬·····▒ ▒········▒
▒▒▒╬·····▒ ▒···(····▒
▒········▒ ▒·▒▒▒▒▒▒▒▒
▒········▒▒▒·▒
▒············▒


There were no monsters in sight!

Vanquished Creatures
  Jessica (D:2)
  3 worms (D:2)
  4 orcs (D:2)
  A bat (D:2)
  3 endoplasms
  2 giant cockroaches
  3 hobgoblins
  A jackal (D:1)
  A quokka (D:1)
  2 ball pythons
  A frilled lizard (D:1)
  2 kobolds
  3 rats
27 creatures vanquished.

Notes
Turn   | Place    | Note
-------+----------+-------------------------------------------
     0 | D:1      | Azzok the Demonspawn Berserker began the quest for the Orb.
     0 | D:1      | Reached XP level 1. HP: 18/18 MP: 1/1
   328 | D:1      | Reached skill level 3 in Axes
   431 | D:1      | Found a faded altar of an unknown god.
   679 | D:1      | Gained mutation: You are partially covered in slimy green
                  | scales. (AC +2) [demonic ancestry]
   679 | D:1      | Reached XP level 2. HP: 24/24 MP: 2/2
  1034 | D:2      | Noticed Jessica
  1050 | D:2      | Killed Jessica
  1051 | D:2      | Reached skill level 4 in Axes
  1051 | D:2      | Reached XP level 3. HP: 29/29 MP: 3/3
  1422 | D:2      | Found Xafij's Antique Weapon Boutique.
  1909 | D:2      | HP: 1/29 [poisoned by an orc]
  1910 | D:2      | Succumbed to an orc's poison

Illustrated notes

Levels and vault maps discovered:
D:1:      dpeg_arrival_rhombi, layout_basic,
          chequers_ecumenical_altar_simple_redux, minmay_distorted
D:2:      layout_basic, serial_shops, nicolae_shop_waterfront,
          minmay_split_cup_small, uniq_jessica
D:3:      layout_rooms

Skill      XL: |  1  2 |
---------------+-------+-----
Axes           | 3 4 |  4.4
Fighting       | |  3.0
Armour         | |  1.7
Dodging        | |  1.7

Action                   || total
-------------------------++-------
Melee: Hand axe          ||    95
Invok: Berserk           ||     2
Armor: Chain mail        ||    67
       Animal skin       ||     1
Dodge: Dodged            ||    34

Table legend: (Time is in decaauts)
 A = Elapsed time spent in this place.
 B = Non-inter-level travel time spent in this place.
 C = Inter-level travel time spent in this place.
 D = Time resting spent in this place.
 E = Time spent auto-exploring this place.
 F = Levels seen in this place.
 G = Mean time per level.
                   A        B        C        D        E       F      G
               +--------+--------+--------+--------+--------+-----+--------+
         Total |   1930 |   1895 |     35 |    282 |   1356 |   3 |  643.3 |
       Dungeon |   1930 |   1895 |     35 |    282 |   1356 |   3 |  643.3 |
               +--------+--------+--------+--------+--------+-----+--------+

Top non-repeatable levels by time:
     D:2: 1040 daAuts
     D:1: 879 daAuts
     D:3: 10 daAuts
